Map: Prion Terraces

Players

MorN - Winner!

  • Race: Terran Terran
  • League: Gold

Pronx

  • Race: Zerg Zerg
  • League: Silver

VOD

Have the link to the VOD?

Description

Time

  • Played on: Nov. 9, 2015, 8:15 p.m.
  • Length: 6:50
Show
View Real Time Build Order
Export as new Build Order

MorN Terran - Winner!

Build Orders: Command Center First (CC), MMM Bio 

Get SALT Encoding   

  12  0:00  SCV  
  13  0:13  SCV  
  14  0:21  Supply Depot  
  14  0:25  SCV  
  15  0:43  SCV  
  16  0:56  Command Center  
  16  1:00  SCV  
  17  1:10  Barracks  
  17  1:15  SCV  
  18  1:27  SCV  
  19  1:39  SCV  
  20  1:41  Refinery  
  20  1:51  SCV  
  21  1:58  Marine  
  22  2:04  Orbital Command  
  22  2:07  Orbital Command  
  22  2:15  Marine  
  23  2:25  Barracks  
  23  2:26  Barracks  
  23  2:38  SCV x2  
  23  2:40  Barracks Reactor  
  25  2:50  SCV  
  26  2:51  Supply Depot  
  26  2:53  Refinery  
  26  2:55  SCV  
  27  3:02  SCV  
  28  3:06  Factory  
  28  3:07  SCV  
  29  3:14  SCV  
  29  3:17  Bunker  
  31  3:20  SCV, Marine x2  
  31  3:22  Barracks Tech Lab  
  31  3:23  Barracks Tech Lab  
  31  3:26  SCV  
  34  3:32  SCV  
  35  3:36  Supply Depot  
  35  3:38  SCV, Marine x2  
  38  3:44  SCV, Stimpack  
  39  3:50  SCV  
  40  3:56  SCV  
  40  3:57  Starport  
  41  4:03  SCV  
  41  4:08  SCV  
  43  4:10  Engineering Bay, Marauder x2  
  43  4:16  Supply Depot  
  43  4:17  SCV  
  48  4:19  Supply Depot  
  48  4:20  SCV  
  48  4:22  Hellion x2  
  53  4:27  Barracks Reactor  
  53  4:29  SCV  
  54  4:31  Supply Depot  
  54  4:35  Refinery  
  54  4:36  Combat Shields  
  54  4:37  SCV  
  55  4:44  Starport Reactor  
  59  4:45  Hellion x2  
  59  4:46  SCV  
  59  4:49  SCV  
  59  4:52  Supply Depot  
  61  4:56  Marauder x2  
  61  4:58  SCV  
  66  5:01  SCV  
  66  5:04  Supply Depot  
  66  5:06  Marine x2  
  69  5:10  SCV  
  70  5:17  Marine x2  
  70  5:18  Hellion x2  
  70  5:19  SCV  
  70  5:21  Refinery  
  77  5:24  Medivac, Marine  
  80  5:29  SCV  
  80  5:31  Supply Depot  
  80  5:33  Marine  
  80  5:34  Marine  
  80  5:35  Marauder  
  85  5:39  Medivac  
  87  5:43  Hellion x2  
  87  5:45  Supply Depot  
  87  5:49  Concussive Shells  
  91  5:53  Marauder  
  93  5:57  Command Center, Medivac  
  93  5:58  Refinery  
  95  6:06  Hellion x2  
  95  6:09  Supply Depot  
  99  6:14  Armory  
  99  6:15  SCV x2  
  103  6:27  Supply Depot, Missile Turret, Marine x2  
  103  6:28  Marauder x2  
Show
View Real Time Build Order
Export as new Build Order

Pronx Zerg 

Build Orders: Hatch First 

Get SALT Encoding   

  12  0:01  Drone  
  13  0:09  Drone  
  14  0:17  Overlord  
  14  0:23  Extractor  
  14  0:24  Extractor  
  14  0:25  Drone  
  13  0:29  Drone  
  16  0:36  Drone  
  17  0:47  Drone  
  18  1:01  Extractor  
  18  1:02  Hatchery, Drone  
  17  1:09  Drone  
  18  1:19  Spawning Pool  
  18  1:21  Drone  
  18  1:27  Drone  
  19  1:40  Overlord  
  19  1:50  Drone  
  20  2:07  Queen  
  22  2:08  Hatchery  
  22  2:13  Metabolic Boost  
  21  2:17  Zergling x2  
  22  2:27  Queen  
  24  2:31  Drone  
  24  2:36  Drone x2  
  27  2:42  Overlord  
  27  2:47  Overlord  
  27  2:59  Queen  
  27  3:02  Drone x2  
  31  3:08  Drone  
  31  3:09  Drone  
  33  3:15  Baneling Nest  
  32  3:20  Queen  
  34  3:28  Drone  
  34  3:29  Drone  
  34  3:31  Zergling x2  
  37  3:35  Zergling x2  
  38  3:45  Spore Crawler  
  38  3:47  Spore Crawler  
  36  3:49  Spore Crawler, Drone  
  36  3:50  Drone  
  37  4:01  Drone x4  
  40  4:06  Overlord  
  40  4:08  Overlord  
  40  4:18  Drone x4  
  40  4:23  Lair  
  44  4:26  Zergling x2  
  44  4:27  Zergling x2, Extractor  
  45  4:36  Zergling x6  
  45  4:37  Zergling x4  
  50  4:45  Extractor  
  49  4:46  Evolution Chamber, Drone x3  
  49  4:50  Drone x2  
  53  5:03  Drone x4  
  53  5:05  Drone  
  53  5:06  Drone x2  
  60  5:09  Overlord x2  
  60  5:19  Evolution Chamber  
  59  5:22  Spine Crawler  
  58  5:35  Drone x2  
  59  5:37  Drone x5  
  59  5:39  Drone x3  
  59  5:40  Zergling x2  
  69  5:46  Spire  
  68  6:10  Drone, Extractor  
  68  6:11  Drone x2  
  69  6:12  Drone x3, Extractor  
  69  6:13  Drone x2  
  69  6:18  Overlord x4  
  74  6:19  Hatchery  
Tags
 
Add a new tag
Caveats
  • Supply blocks, unpowered buildings, or Contaminate may cause inaccurate times.
  • Supply counts are checked every 10 seconds.